 Dungeon Crawl Stone Soup version 0.31-a0-1042-ga9834b393d (webtiles) character file.

Game seed: 2755212746283147322

49 kae the Vexing (level 3, -2/26 HPs)
             Began as a Demonspawn Enchanter on Nov 19, 2023.
             Slain by a worm (10 damage)
             ... on level 2 of the Dungeon.
             The game lasted 00:01:01 (1277 turns).

kae the Vexing (Demonspawn Enchanter)               Turns: 1277, Time: 00:01:02

Health: -2/26      AC:  4    Str: 10    XL:     3   Next: 51%
Magic:  0/6        EV: 12    Int: 16    God:
Gold:   18         SH:  0    Dex: 13    Spells: 1/6 levels left

rFire   . . .        a - +1 dagger
rCold   . . .        (no shield)
rNeg    . . .        b - +0 robe
rPois   .            (no helmet)
rElec   .            (no cloak)
rCorr   .            (no gloves)
SInv    .            (no boots)
Will    .....        (no amulet)
Stlth   ++           (no ring)
HPRegen 0.24/turn    (no ring)
MPRegen 0.10/turn

%: no passive effects
@: no status effects
A: yellow scales 1
a: no special abilities


You were on level 2 of the Dungeon.
You visited 1 branch of the dungeon, and saw 2 of its levels.

You collected 18 gold pieces.


Innate Abilities, Weirdness & Mutations

You are partially covered in yellow scales. (AC +2)


   Skills:
 + Level 1.0 Fighting
 * Level 1.6 Short Blades
 - Level 1.7 Dodging
 + Level 3.0 Stealth
 + Level 2.1 Spellcasting
 * Level 3.5 Hexes
 + Level 0.5 Ice Magic


You had one spell level left.
You knew the following spells:

 Your Spells              Type           Power      Damage    Failure   Level
a - Ensorcelled Hibernat  Hex/Ice        16%        N/A       14%         2
b - Confusing Touch       Hex            13%        N/A       14%         3

Your spell library contained the following spells:

 Spells                   Type           Power      Damage    Failure   Level
 Tukima's Dance           Hex            13%        N/A       14%         3
 Dazzling Flash           Conj/Hex       14%        N/A       30%         3

Inventory:

Hand Weapons
 a - a +1 dagger (weapon)
Missiles
 e - 10 stones
Armour
 b - a +0 robe (worn)
Scrolls
 d - a scroll of teleportation {unknown}
Potions
 c - 2 potions of invisibility
 f - a potion of haste {unknown}

Dungeon Overview and Level Annotations

Branches:
Dungeon (2/15) Zot: 10730

Altars:

Shops:
D:2

( #..........
#..###..... #..##<.....
... #..###.##.# ....
###..###.#... .(...
#........#### .....
#.#..#####
.....########.#..#####
........@w....#......#
........#######......#
##......# #.........#
#......# #.##.#....#
#......# #.##.#....#
#......# #.##......#
#......####......†..###
######....###.........#
...............#.......#


You could see a worm.


Message History

Key pressed, stopping explore.
Unknown command.
A bat comes into view.
A bat is nearby!
A bat is nearby!
A bat is nearby!
A bat is nearby!
The bat hits you but does no damage.
A bat is nearby!
You hit the bat. The bat hits you but does no damage.
Found a stone staircase leading down.
The bat closely misses you.
A bat is nearby!
You hit the bat.
You kill the bat!
No target in view!
Key pressed, stopping explore.
No target in view!
No target in view!
An endoplasm comes into view.
The endoplasm quivers.
A rat comes into view.
An endoplasm is nearby!
The endoplasm misses you.
You hit the endoplasm. The endoplasm freezes you.
You are frozen. 😕 HP[-2]
You take 2 damage, and now have 23/25 hp.
An endoplasm is nearby!
You hit the endoplasm.
You kill the endoplasm!
No target in view! 😎 HP[+2]
Your hp is fully restored (25).
No target in view!
No target in view!
A rat is nearby!
The rat barely misses you.
You hit the rat.
You kill the rat!
A frilled lizard comes into view.
The frilled lizard hisses angrily.
A frilled lizard is nearby!
The frilled lizard barely misses you.
A frilled lizard is nearby!
You miss the frilled lizard. The frilled lizard misses you.
You closely miss the frilled lizard. The frilled lizard barely misses you.
A frilled lizard is nearby!
You hit the frilled lizard.
You kill the frilled lizard!
Your Fighting skill increases to level 1!
No target in view! 😎 HP[+1]
You now have 26 max hp (+1).
Your hp is fully restored (26).
A worm comes into view.
You hit the worm but do no damage.
A worm is nearby!
You hit the worm. The worm barely misses you.
You hit the worm but do no damage. Your punch misses the worm.
The worm closely misses you.
A worm is nearby!
You hit the worm. You hit the worm. The worm bites you but does no damage.
A worm is nearby!
You hit the worm but do no damage. You hit the worm.
The worm bites you. 😕 HP[-5]
You take 5 damage, and now have 21/26 hp.
A worm is nearby!
You hit the worm. You hit the worm. The worm bites you!
* * * LOW HITPOINT WARNING * * *
😨 HP[-9]
You take 9 damage, and now have 12/26 hp.
MASSIVE DAMAGE!! (PAUSE)
Casting: Ensorcelled Hibernation (safe; 14% risk of failure)
Confirm with . or Enter, or press ? or * to list all spells.
Aiming: Ensorcelled Hibernation (safe; 14% risk of failure)
Press: ? - help, Shift-Dir - straight line, f - worm
Aim: a worm (heavily wounded, chance to affect: 50%)
The worm resists with some effort.
The worm bites you.
* * * LOW HITPOINT WARNING * * *
😨 HP[-4] MP[-2]
You take 4 damage, and now have 8/26 hp.
You lost 2 mp, and now have 4/6 mp.
Casting: Ensorcelled Hibernation (safe; 14% risk of failure)
Confirm with . or Enter, or press ? or * to list all spells.
Aiming: Ensorcelled Hibernation (safe; 14% risk of failure)
Press: ? - help, Shift-Dir - straight line, f/p - worm
Aim: a worm (heavily wounded, chance to affect: 50%)
The worm resists with some effort. 😨 MP[-2]
You lost 2 mp, and now have 2/6 mp.
Casting: Ensorcelled Hibernation (safe; 14% risk of failure)
Confirm with . or Enter, or press ? or * to list all spells.
Aiming: Ensorcelled Hibernation (safe; 14% risk of failure)
Press: ? - help, Shift-Dir - straight line, f/p - worm
Aim: a worm (heavily wounded, chance to affect: 50%)
The worm resists with some effort.
The worm bites you!
You die...

Skill      XL: |  1  2  3 |
---------------+----------+-----
Short Blades   | 1 |  1.6
Stealth        | 3 |  3.0
Fighting       | 1 |  1.0
Dodging        | |  1.7
Spellcasting   | |  2.1
Hexes          | |  3.5
Ice Magic      | |  0.5

Action                     || total
---------------------------++-------
  Melee: Dagger            ||   137
         Punch             ||     1
   Cast: Ensorcelled Hiber ||     8
    Use: Scroll            ||     1
   Stab: Sleeping          ||     7
 Armour: Robe              ||    70
  Dodge: Dodged            ||    88

Levels and vault maps discovered:
D:1:      scummos_arrival_forest, layout_loops_corners,
          ebering_ecumenical_altar_petrified
D:2:      layout_basic, serial_shops, shop

Notes
Turn   | Place    | Note
-------+----------+-------------------------------------------
     0 | D:1      | kae the Demonspawn Enchanter began the quest for the Orb.
     0 | D:1      | Reached XP level 1. HP: 13/13 MP: 3/3
     0 | D:1      | magus.rc [v1.11.3]
   114 | D:1      | Reached skill level 1 in Short Blades
   116 | D:1      | HP: 1/13 [frozen (4)]
   287 | D:1      | Gained mutation: You are partially covered in yellow
                  | scales. (AC +2) [demonic ancestry]
   287 | D:1      | Reached XP level 2. HP: 20/20 MP: 5/5
   290 | D:1      | Learned a level 2 spell: Ensorcelled Hibernation
   754 | D:1      | Found a faded altar of an unknown god.
   769 | D:1      | Reached XP level 3. HP: 24/25 MP: 6/6
   773 | D:1      | Learned a level 3 spell: Confusing Touch
  1119 | D:2      | Reached skill level 3 in Stealth
  1161 | D:2      | Found Sitzik's Antique Weapon Emporium.
  1248 | D:2      | Reached skill level 1 in Fighting
  1277 | D:2      | Slain by a worm

Vanquished Creatures
  An adder (D:2)
  2 dart slugs
  3 endoplasms
  A giant cockroach (D:1)
  2 goblins (D:1)
  8 hobgoblins (D:1)
  A ball python (D:1)
  7 bats
  2 frilled lizards
  4 kobolds (D:1)
  A rat (D:2)
32 creatures vanquished.

Table legend:
 A = Non-vault XP
 B = Vault XP
 C = Vault XP percentage of total XP
 D = Non-vault monster count
 E = Vault monster count
 F = Vault count percentage of total count
                 A         B        C        D         E       F
            +---------+---------+-------+---------+---------+-------
      Total |      70 |       0 |   0.0 |      32 |       0 |   0.0
            +---------+---------+-------+---------+---------+-------
        D:1 |      44 |       0 |   0.0 |      25 |       0 |   0.0
        D:2 |      26 |       0 |   0.0 |       7 |       0 |   0.0
            +---------+---------+-------+---------+---------+-------

Skill      XL: |  1  2  3 |
---------------+----------+-----
Short Blades   | 1 |  1.6
Stealth        | 3 |  3.0
Fighting       | 1 |  1.0
Dodging        | |  1.7
Spellcasting   | |  2.1
Hexes          | |  3.5
Ice Magic      | |  0.5

Action                     || total
---------------------------++-------
  Melee: Dagger            ||   137
         Punch             ||     1
   Cast: Ensorcelled Hiber ||     8
    Use: Scroll            ||     1
   Stab: Sleeping          ||     7
 Armour: Robe              ||    70
  Dodge: Dodged            ||    88

Illustrated notes

Table legend:
 A = Kills in this place as a percentage of kills in the entire game.
 B = Kills by you in this place as a percentage of kills by you in the entire game.
 C = Kills by friends in this place as a percentage of kills by friends in the entire game.
 D = Other kills in this place as a percentage of other kills in the entire game.
 E = Experience gained in this place as a percentage of experience gained in the entire game.
 F = Experience gained in this place divided by the number of levels of this place that you have seen.
                   A       B       C       D       E      F
               +-------+-------+-------+-------+-------+----------------------
         Total | 100.0 | 100.0 |   N/A |   N/A | 100.0 |  35.0
       Dungeon | 100.0 | 100.0 |   N/A |   N/A | 100.0 |  35.0
               +-------+-------+-------+-------+-------+----------------------

Table legend: (Time is in decaauts)
 A = Elapsed time spent in this place.
 B = Non-inter-level travel time spent in this place.
 C = Inter-level travel time spent in this place.
 D = Time resting spent in this place.
 E = Time spent auto-exploring this place.
 F = Levels seen in this place.
 G = Mean time per level.
                   A        B        C        D        E       F      G
               +--------+--------+--------+--------+--------+-----+--------+
         Total |   1269 |   1219 |     50 |     48 |    900 |   2 |  634.5 |
       Dungeon |   1269 |   1219 |     50 |     48 |    900 |   2 |  634.5 |
               +--------+--------+--------+--------+--------+-----+--------+

Top non-repeatable levels by time:
     D:1: 1083 daAuts
     D:2: 185 daAuts
